 Dungeon Crawl Stone Soup version 0.26-a0-708-g17f3b190f9 (webtiles) character file.

Game seed: 6100325582074860662

105325 robertstho the Warrior (level 15, -7/130 HPs)
             Began as a Demonspawn Abyssal Knight on Oct 29, 2020.
             Was the Champion of Lugonu.
             Mangled by a redback (12 damage)
             ... on level 4 of the Spider Nest.
             The game lasted 01:14:48 (34113 turns).

robertstho the Warrior (Demonspawn Abyssal Knight) Turns: 34113, Time: 01:14:49

Health: -7/130     AC: 12    Str: 16    XL:     15   Next: 94%
Magic:  25/25      EV: 14    Int: 15    God:    Lugonu [******]
Gold:   616        SH:  0    Dex: 23    Spells: 14/14 levels left

rFire    . . .     SeeInvis +   O - +12 great sword of Absolution {vorpal, +Inv Int+2}
rCold    + . .     Faith    .   (shield currently unavailable)
rNeg     . . .     Spirit   .   T - +0 acid dragon scales
rPois    +         Reflect  .   P - +2 hat {MR+}
rElec    +         Harm     .   f - +0 cloak {rPois}
rCorr    +         Rampage  .   m - +2 pair of gloves {Dex+3}
MR       +++..                  H - +0 pair of boots
Stlth    ++........             M - amulet of regeneration
HPRegen  0.71/turn              N - ring "Yfrai" {rElec MR+ Str-2 Dex+6 SInv}
MPRegen  0.19/turn              (no ring)

@: corroded
A: hooves 1, iridescent scales 2, cold resistance 1, demonic guardian 2,
freezing cloud immunity
a: Depart the Abyss, Bend Space, Banish, Corrupt, Enter the Abyss, Brand Weapon
With Distortion, Renounce Religion, Evoke Invisibility


You were on level 4 of the Spider Nest.
You worshipped Lugonu.
Lugonu was exalted by your worship.
You visited 4 branches of the dungeon, and saw 23 of its levels.
You visited the Abyss 1 time.

You collected 2112 gold pieces.
You spent 1496 gold pieces at shops.

Inventory:

Hand Weapons
 y - a +0 demon whip of electrocution
 O - the +12 great sword of Absolution (weapon) {vorpal, +Inv Int+2}
   (You bought it in a shop on level 9 of the Dungeon)

   It inflicts extra damage upon your enemies.
   It affects your intelligence (+2).
   It lets you turn invisible.
 R - the +5 hunting sling of Calculation {vorpal, MR+ Str+3 Int+7}
   (You found it on level 5 of the Lair of Beasts)

   Any stone fired from it inflicts extra damage.
   It affects your strength (+3).
   It affects your intelligence (+7).
   It affects your resistance to hostile enchantments.
Missiles
 e - 378 stones (quivered)
Armour
 f - a +0 cloak of poison resistance (worn)
 m - a +2 pair of gloves of dexterity (worn)
 v - a +0 plate armour
 H - a +0 pair of boots (worn)
 P - a +2 hat of magic resistance (worn)
 T - +0 acid dragon scales (worn)
Jewellery
 l - a +4 ring of evasion
 q - an uncursed ring of protection from cold
 t - a +6 ring of dexterity
 C - an uncursed ring of protection from cold
 J - an uncursed ring of fire
 K - an uncursed ring of magical power
 M - an amulet of regeneration (around neck)
 N - the ring "Yfrai" (left hand) {rElec MR+ Str-2 Dex+6 SInv}
   (You found it on level 3 of the Lair of Beasts)

   [ring of dexterity]

   It affects your strength (-2).
   It affects your dexterity (+6).
   It insulates you from electricity.
   It affects your resistance to hostile enchantments.
   It lets you see invisible.
Wands
 G - a wand of acid (11)
 U - a wand of disintegration (17)
Scrolls
 a - 9 scrolls of teleportation
 b - 5 scrolls of enchant armour
 d - 6 scrolls of magic mapping
 g - 4 scrolls of immolation
 h - 9 scrolls of remove curse
 j - 6 scrolls of enchant weapon
 p - a scroll of blinking
 u - 7 scrolls of identify
 B - 2 scrolls of fog
Potions
 c - a potion of mutation
 i - 10 potions of curing
 k - a potion of invisibility
 n - 3 potions of ambrosia
 s - 2 potions of flight
 z - a potion of might
 A - a potion of stabbing
 D - a potion of resistance
 E - 4 potions of berserk rage
 F - 2 potions of cancellation
 Q - a potion of magic
 W - a potion of haste
Miscellaneous
 r - a box of beasts (3/3)
 V - a condenser vane (1/2)


   Skills:
 * Level 15.8 Fighting
 * Level 7.9 Long Blades
 + Level 14.8 Slings
 * Level 9.3 Armour
 + Level 3.7 Dodging
 + Level 2.5 Stealth
 * Level 14.2 Invocations
 + Level 0.7 Evocations


You had 14 spell levels left.
You didn't know any spells.
Your spell library contained the following spells:

 Spells                   Type           Power        Failure   Level
 Animate Skeleton         Necr           #.....       34%         1
 Apportation              Tloc           #.....       34%         1
 Corona                   Hex            #......      34%         1
 Pain                     Necr           #...         34%         1
 Summon Small Mammal      Summ           #...         34%         1
 Call Imp                 Summ           #.......     45%         2
 Call Canine Familiar     Summ           #.......     71%         3
 Summon Guardian Golem    Hex/Summ       #.......     71%         3
 Vampiric Draining        Necr           #.........   71%         3
 Animate Dead             Necr           #.........   98%         4
 Summon Ice Beast         Ice/Summ       #.......     98%         4
 Summon Lightning Spire   Summ/Air       #.......     98%         4
 Agony                    Necr           #.......     100%        5


Dungeon Overview and Level Annotations

Branches:
Dungeon (11/15)            Temple (0/1) D:6            Lair (6/6) D:9
 Shoals (0/4) Lair:3       Spider (4/4) Lair:3        Slime (0/5) Lair:5
    Orc (2/2) D:9             Elf (0/3) Orc:2

Altars:
Cheibriados
Dithmenos
Elyvilon
Gozag
Hepliaklqana
Makhleb
Nemelex Xobeh
Qazlal
Ru
Trog
Uskayaw
Xom
Yredelemnul
Jiyva

Shops:
D:7 ?!   D:9 (=   Orc:2 [}(!?!**

Portals:
Pandemonium: Orc:2

Annotations:
D:7 scroll shop
D:9 345 great sword
Spider:3 corrupted
Orc:2 272 scimitar


Innate Abilities, Weirdness & Mutations

You have large cloven feet.
You are mostly covered in iridescent scales. (AC +4)
Your flesh is cold resistant. (rC+)
A demonic guardian rushes to your aid.
You are immune to freezing clouds.


Message History

The entropy weaver hits you but does no damage. x2
The entropy weaver hits you with a cursed +0 long sword.
* * * LOW HITPOINT WARNING * * *
The orb spider is engulfed in freezing vapours.
A redback comes into view.
The entropy weaver gestures at you while chanting.
The entropic weave corrodes you!
You closely miss the entropy weaver.
The entropy weaver is almost dead.
The jumping spider leaps!
The orb spider is engulfed in freezing vapours.
You kill the orb spider!
Lugonu accepts your kill.
The entropy weaver hits you but does no damage. x2
The entropy weaver hits you with a cursed +0 long sword!
* * * LOW HITPOINT WARNING * * *
The entropy weaver hits you with a cursed +0 long sword!
* * * LOW HITPOINT WARNING * * *
The redback bites you!
You die...

##. .. # ..## . .s.
.#... #s.ss. ....
.#..# #.. ..B.. .#
#°###... #..##
########§§§###..^.?#
##(.##.§°§§§B@ss#
#.<(.(##.#..○#.....#
#.B.(s^###.○§####s...
#..##..##..§§.. .#.
##.†..###..###...
#(#^#^#..## .#...
######.^. # .# ..## .
.^#


You could see an entropy weaver, a jumping spider and 2 redbacks.

Vanquished Creatures
  Gastronok (D:11)
  3 entropy weavers
  A spark wasp (Spider:4)
  A fire dragon (Lair:6)
  A boulder beetle (Lair:4)
  6 hydras
  4 two-headed ogres
  3 orc high priests (Orc:2)
  7 death yaks
  A swamp dragon (Lair:6)
  2 gelid demonspawn (Orc:2)
  The ghost of corevian the Destroyer, a novice FeCj of Vehumet (Lair:2)
  2 orc knights (Orc:2)
  A lindwurm (Lair:6)
  Pikel (D:9)
  9 orb spiders
  13 wolf spiders
  A cyclops (D:11)
  A deep elf mage (D:8)
  A moth of wrath (Spider:3)
  3 orc sorcerers
  4 elephants
  4 black mambas
  A merfolk siren (Lair:3)
  A rust devil (Orc:2)
  12 komodo dragons
  15 cane toads
  Psyche (D:9)
  6 rime drakes
  An ice devil (Orc:2)
  12 demonic crawlers
  A red devil (Orc:2)
  A merfolk (Lair:3)
  5 trolls
  27 jumping spiders
  3 hornets
  8 polar bears
  2 raiju (Lair:6)
  Prince Ribbit (D:9)
  6 blink frogs
  A vampire (D:8)
  20 redbacks
  A shadow (D:8)
  4 wyverns
  A wraith (D:11)
  11 tarantellas
  7 basilisks
  22 yaks
  4 wargs (Lair:6)
  A steam dragon (Lair:4)
  5 acid dragons
  Duvessa (D:6)
  17 water moccasins
  13 hell hounds (Lair:6)
  19 orc warriors
  An ice beast (D:11)
  3 sky beasts (D:11)
  A swamp drake (Lair:6)
  16 black bears
  A necrophage (D:9)
  27 wolves
  13 ogres
  6 centaurs
  2 big kobolds
  20 bullfrogs
  A wyvern skeleton (D:11)
  3 scorpions
  Dowan (D:6)
  A water moccasin skeleton (D:6)
  13 killer bees
  4 howler monkeys
  16 wights
  A bullfrog zombie (D:11)
  2 quasits (D:8)
  A centaur zombie (D:8)
  7 hounds
  A centaur skeleton (D:8)
  14 orc priests
  2 gnoll shamans (D:7)
  7 jellies
  11 orc wizards
  4 bullfrog skeletons
  Jessica (D:2)
  6 iguanas
  5 hell rats (Lair:6)
  12 worker ants
  A hound skeleton (D:11)
  A mummy (D:7)
  2 worker ant zombies
  9 gnolls
  8 adders
  A shadow imp (D:6)
  2 white imps
  4 oozes (Lair:5)
  2 adder skeletons
  2 worms (D:4)
  A dart slug (D:2)
  6 leopard geckos
  65 orcs
  A ball python (D:3)
  3 bats
  7 giant cockroaches
  2 gnoll zombies (D:7)
  8 goblins
  10 hobgoblins
  12 jackals
  22 kobolds
  3 quokkas
  8 frilled lizards
  A giant cockroach zombie (D:6)
  A jackal skeleton (D:5)
  A leopard gecko zombie (D:8)
  2 quokka skeletons (D:4)
  7 rats
696 creatures vanquished.

Vanquished Creatures (collateral kills)
  Arachne (Spider:3)
  An entropy weaver (Spider:4)
  An ogre mage (Orc:2)
  Erolcha (Orc:2)
  A hydra (Lair:3)
  A boulder beetle (D:11)
  A catoblepas (Lair:6)
  3 two-headed ogres
  4 death yaks
  3 orc high priests (Orc:2)
  An infernal demonspawn (Orc:2)
  A gelid demonspawn (Orc:2)
  An ugly thing (D:11)
  2 orb spiders (Spider:4)
  3 orc knights (Orc:2)
  A deep elf mage (D:8)
  2 wolf spiders
  5 orc sorcerers
  4 elephants
  A black mamba (Lair:1)
  A torpor snail (Lair:5)
  A cane toad (Lair:1)
  A komodo dragon (Lair:6)
  2 polar bears (Lair:6)
  2 jumping spiders
  A raiju (Lair:6)
  3 blink frogs (Lair:1)
  3 redbacks
  Eustachio (D:4)
  9 yaks
  2 wargs (Orc:2)
  2 acid dragons (D:11)
  A water moccasin (Lair:1)
  9 orc warriors
  2 sky beasts
  6 wolves
  2 ogres
  A big kobold (D:8)
  2 bullfrogs (D:7)
  A wight (D:7)
  An orc wizard (D:5)
  7 orc priests
  2 gnolls (D:7)
  7 orcs
107 creatures vanquished.

Vanquished Creatures (others)
  Mara (Spider:3)
  3 tarantellas (Spider:3)
  A redback (Spider:3)
  A hell hound (Lair:6)
  An orc (Orc:2)
  A kobold (D:8)
  27 fungi
  67 plants
  2 starspawn tentacles (Spider:3)
104 creatures vanquished.

Grand Total: 907 creatures vanquished

Notes
Turn   | Place    | Note
-------+----------+-------------------------------------------
     0 | Abyss:1  | robertstho the Demonspawn Abyssal Knight began the quest
                  | for the Orb.
     0 | Abyss:1  | Reached XP level 1. HP: 18/18 MP: 2/2
     0 | Abyss:1  | Noticed a tentacled monstrosity
     0 | Abyss:1  | Found a corrupted altar of Lugonu.
     0 | Abyss:1  | Noticed a starcursed mass
     2 | Abyss:1  | Found a corrupted altar of Lugonu.
     3 | Abyss:1  | Noticed a starcursed mass
     3 | Abyss:1  | Noticed a large abomination
     3 | Abyss:1  | Noticed a thrashing horror
     3 | Abyss:1  | Noticed a death drake
     3 | Abyss:1  | Noticed an ancient zyme
     3 | Abyss:1  | Noticed an ancient zyme
     4 | Abyss:1  | Noticed a glowing orange brain
     4 | Abyss:1  | a torpor snail changed into a glowing orange brain
     4 | Abyss:1  | Paralysed by accursed screaming for 1 turns
     4 | Abyss:1  | Noticed a chaos spawn
     5 | D:1      | Escaped the Abyss
   534 | D:1      | Reached * piety under Lugonu
   619 | D:1      | Gained mutation: You are partially covered in iridescent
                  | scales. (AC +2) [demonic ancestry]
   619 | D:1      | Reached XP level 2. HP: 24/24 MP: 4/4
  1260 | D:1      | Gained mutation: You are mostly covered in iridescent
                  | scales. (AC +4) [demonic ancestry]
  1260 | D:1      | Reached XP level 3. HP: 28/30 MP: 5/5
  1440 | D:1      | Reached skill level 1 in Slings
  1599 | D:2      | Reached skill level 1 in Dodging
  2038 | D:2      | Reached XP level 4. HP: 37/37 MP: 6/6
  2049 | D:2      | Reached skill level 4 in Fighting
  2407 | D:2      | Noticed Jessica
  2415 | D:2      | Killed Jessica
  2415 | D:2      | Reached ** piety under Lugonu
  2553 | D:2      | Reached XP level 5. HP: 42/42 MP: 8/8
  2662 | D:2      | Found a sparkling altar of Nemelex Xobeh.
  3678 | D:4      | Noticed an ogre
  3683 | D:4      | Killed an ogre
  3683 | D:4      | Gained mutation: A weak demonic guardian rushes to your
                  | aid. [demonic ancestry]
  3683 | D:4      | Reached XP level 6. HP: 37/48 MP: 9/9
  3803 | D:4      | Noticed Eustachio
  3811 | D:4      | Killed Eustachio
  3849 | D:4      | Reached skill level 5 in Invocations
  4330 | D:4      | Gained mutation: Your flesh is cold resistant. (rC+)
                  | [demonic ancestry]
  4330 | D:4      | Reached XP level 7. HP: 55/55 MP: 10/10
  4626 | D:4      | Reached *** piety under Lugonu
  4639 | D:4      | Found a burning altar of Makhleb.
  4735 | D:5      | Entered Level 5 of the Dungeon
  4798 | D:5      | Found a hide-covered altar of Uskayaw.
  4799 | D:5      | Found an opulent altar of Gozag.
  5286 | D:5      | Reached skill level 5 in Fighting
  5319 | D:5      | Reached skill level 5 in Slings
  5702 | D:6      | Found a staircase to the Ecumenical Temple.
  5709 | D:6      | Found a stormy altar of Qazlal.
  5715 | D:6      | Noticed Duvessa
  5715 | D:6      | Noticed Dowan
  5721 | D:6      | Killed Dowan
  5735 | D:6      | Killed Duvessa
  5776 | D:6      | Reached XP level 8. HP: 31/62 MP: 12/12
  6371 | D:6      | Found a white marble altar of Elyvilon.
  6498 | D:6      | Found a shadowy altar of Dithmenos.
  6852 | D:6      | Reached skill level 6 in Fighting
  7012 | D:7      | Found a hazy altar of Hepliaklqana.
  7098 | D:7      | Found Lyceazyi's Distillery.
  7109 | D:7      | Bought a potion of berserk rage for 50 gold pieces
  7109 | D:7      | Bought a potion of berserk rage for 50 gold pieces
  7109 | D:7      | Bought a potion of lignification for 30 gold pieces
  7109 | D:7      | Bought a potion of heal wounds for 50 gold pieces
  7109 | D:7      | Bought a potion of cancellation for 80 gold pieces
  7109 | D:7      | Bought a potion of flight for 30 gold pieces
  7239 | D:7      | Found a snail-covered altar of Cheibriados.
  7246 | D:7      | Gained mutation: You have large cloven feet. [demonic
                  | ancestry]
  7246 | D:7      | Reached XP level 9. HP: 71/71 MP: 14/14
  7599 | D:7      | Reached **** piety under Lugonu
  7907 | D:7      | Found a shimmering altar of Xom.
  8153 | D:7      | Found Fuviugeq's Magic Scroll Shoppe.
  8164 | D:7      | Bought a scroll of identify for 28 gold pieces
  8164 | D:7      | Bought a scroll of identify for 28 gold pieces
  8164 | D:7      | Bought a scroll of remove curse for 42 gold pieces
  8164 | D:7      | Bought a scroll of immolation for 49 gold pieces
  8186 | D:7      | Reached skill level 7 in Fighting
  8597 | D:7      | Reached skill level 1 in Stealth
  8815 | D:7      | Found a basalt altar of Yredelemnul.
  9504 | D:8      | Noticed an orc sorcerer
  9506 | D:8      | Paralysed by an orc sorcerer for 2 turns
  9508 | D:8      | Noticed an ice devil
  9529 | D:8      | Killed an orc sorcerer
  9530 | D:8      | Noticed a deep elf mage
  9722 | D:8      | Killed a deep elf mage
  9722 | D:8      | Reached XP level 10. HP: 73/80 MP: 15/15
  9888 | D:8      | Reached ***** piety under Lugonu
  9911 | D:8      | Found a bloodstained altar of Trog.
 10098 | D:8      | HP: 3/80 [something (7)]
 10164 | D:8      | Noticed a deep elf mage
 10173 | D:8      | Killed a deep elf mage
 10173 | D:8      | Reached skill level 8 in Fighting
 10437 | D:8      | Identified a scroll of acquirement
 10443 | D:8      | Acquired a +0 cloak of poison resistance
 11175 | D:8      | Found a sacrificial altar of Ru.
 11472 | D:9      | Reached skill level 10 in Slings
 11631 | D:9      | Noticed Prince Ribbit
 11661 | D:9      | Killed Prince Ribbit
 11813 | D:9      | Found Idwuha's Antique Weapon Shop.
 11939 | D:9      | Noticed Psyche
 11950 | D:9      | Killed Psyche
 12290 | D:9      | Found a staircase to the Orcish Mines.
 12343 | D:9      | Found a staircase to the Lair.
 12441 | D:9      | Reached skill level 9 in Fighting
 12441 | D:9      | Gained mutation: A demonic guardian rushes to your aid.
                  | [demonic ancestry]
 12441 | D:9      | Reached XP level 11. HP: 87/89 MP: 17/17
 12570 | D:9      | Found Poto's Jewellery Boutique.
 12665 | D:9      | Noticed Pikel
 12669 | D:9      | Killed Pikel
 12669 | D:9      | Reached skill level 5 in Armour
 12756 | D:10     | Entered Level 10 of the Dungeon
 12866 | D:10     | Reached ****** piety under Lugonu
 12991 | D:10     | Noticed a two-headed ogre
 12998 | D:10     | Killed a two-headed ogre
 13830 | Lair:1   | Entered Level 1 of the Lair of Beasts
 14917 | Lair:1   | Reached skill level 10 in Fighting
 14955 | Lair:1   | Reached skill level 10 in Invocations
 15546 | Lair:2   | Noticed a six-headed hydra
 15558 | Lair:2   | Killed a six-headed hydra
 15959 | Lair:2   | Found a runed translucent door.
 15959 | Lair:2   | Noticed corevian's ghost (novice FeCj)
 16288 | Lair:3   | Noticed a seven-headed hydra
 16296 | Lair:3   | Killed a seven-headed hydra
 16296 | Lair:3   | Reached XP level 12. HP: 98/98 MP: 19/19
 16305 | Lair:3   | Got a pitted steel ring
 16311 | Lair:3   | Identified the ring "Yfrai" {rElec MR+ Str-2 Dex+6 SInv}
                  | (You found it on level 3 of the Lair of Beasts)
 16312 | Lair:3   | Noticed a death yak
 16315 | Lair:3   | Noticed a death yak
 16318 | Lair:3   | Noticed a death yak
 16320 | Lair:3   | Noticed a death yak
 16325 | Lair:3   | Noticed a death yak
 16333 | Lair:3   | Noticed a five-headed hydra
 16520 | D:9      | Bought a slimy great sword for 345 gold pieces
 16520 | D:9      | Identified the +12 great sword of Absolution {vorpal, +Inv
                  | Int+2} (You bought it in a shop on level 9 of the Dungeon)
 16567 | D:7      | Bought a scroll of identify for 28 gold pieces
 16567 | D:7      | Bought a scroll of identify for 28 gold pieces
 16727 | Orc:1    | Entered Level 1 of the Orcish Mines
 16927 | Orc:2    | Entered Level 2 of the Orcish Mines
 16927 | Orc:2    | Found Deveic's General Store.
 16929 | Orc:2    | Noticed a two-headed ogre
 16944 | Orc:2    | Killed a two-headed ogre
 17426 | D:11     | Noticed a boulder beetle
 17437 | D:11     | Killed a boulder beetle
 17437 | D:11     | Reached skill level 11 in Fighting
 17576 | D:11     | Noticed Gastronok
 17584 | D:11     | Killed Gastronok
 17776 | D:11     | Noticed a two-headed ogre
 17782 | D:11     | Killed a two-headed ogre
 18341 | Orc:2    | Bought a potion of heal wounds for 75 gold pieces
 18341 | Orc:2    | Bought a potion of curing for 45 gold pieces
 18341 | Orc:2    | Bought a potion of curing for 45 gold pieces
 18343 | Orc:2    | Found Wodetim's Distillery.
 18356 | Orc:2    | Noticed an ogre mage
 18357 | Orc:2    | Noticed a two-headed ogre
 18358 | Orc:2    | Noticed a two-headed ogre
 18360 | Orc:2    | Noticed a two-headed ogre
 18360 | Orc:2    | Noticed a two-headed ogre
 18367 | Orc:2    | Killed an ogre mage
 18368 | Orc:2    | Killed a two-headed ogre
 18376 | Orc:2    | HP: 4/101 [two-headed ogre/+0 giant club (8)]
 18732 | Orc:1    | Killed a two-headed ogre
 18850 | Orc:1    | Killed a two-headed ogre
 18899 | Orc:1    | Killed a two-headed ogre
 19047 | Orc:2    | Bought a potion of curing for 36 gold pieces
 19047 | Orc:2    | Bought a potion of heal wounds for 60 gold pieces
 19047 | Orc:2    | Bought a potion of degeneration for 12 gold pieces
 19132 | Orc:2    | Reached XP level 13. HP: 59/107 MP: 21/21
 19218 | Orc:2    | Found Hehuhuabba's Magic Scroll Boutique.
 19349 | Orc:2    | Found Hesk's Distillery.
 19357 | Orc:2    | Reached skill level 12 in Fighting
 20194 | Orc:2    | Found Adiud's Assorted Antiques.
 20553 | Orc:2    | Bought a potion of heal wounds for 70 gold pieces
 20678 | Orc:2    | Reached skill level 5 in Long Blades
 20806 | Orc:2    | Found Konlyeh's Gadget Emporium.
 20806 | Orc:2    | Found Tatwar's Antique Armour Shoppe.
 20807 | Orc:2    | Found a one-way gate leading to the halls of Pandemonium.
 20862 | Orc:2    | Found a staircase to the Elven Halls.
 20864 | Orc:2    | Found Xufiynne's Weapon Boutique.
 20864 | Orc:2    | Noticed Erolcha
 20873 | Orc:2    | Paralysed by Erolcha for 4 turns
 20875 | Orc:2    | Killed Erolcha
 21205 | Lair:3   | Reached skill level 13 in Fighting
 21421 | Lair:3   | Found a hole to the Spider Nest.
 22185 | Lair:3   | Found a staircase to the Shoals.
 22516 | Orc:2    | Bought a scroll of identify for 30 gold pieces
 22555 | Orc:2    | Bought a scroll of identify for 68 gold pieces
 22724 | Lair:4   | Gained mutation: You are immune to freezing clouds.
                  | [demonic ancestry]
 22724 | Lair:4   | Reached XP level 14. HP: 38/118 MP: 23/23
 24390 | Lair:5   | Reached skill level 14 in Fighting
 24502 | Lair:5   | Found a runed translucent door.
 24502 | Lair:5   | Found a viscous altar of Jiyva.
 24507 | Lair:5   | Found a staircase to the Slime Pits.
 24545 | Lair:5   | Got an encrusted hunting sling
 24970 | Lair:4   | Identified the +5 hunting sling of Calculation {vorpal, MR+
                  | Str+3 Int+7} (You found it on level 5 of the Lair of
                  | Beasts)
 25219 | Lair:6   | Entered Level 6 of the Lair of Beasts
 27261 | Lair:6   | Reached XP level 15. HP: 86/127 MP: 25/25
 27281 | Lair:6   | Got a pitted great sword
 27684 | Lair:2   | Killed corevian's ghost
 27774 | D:9      | Identified the +10 great sword "Quusoyz" {vorpal, Dex+5}
                  | (You found it on level 6 of the Lair of Beasts)
 27834 | D:7      | Bought a scroll of holy word for 105 gold pieces
 27933 | Orc:2    | Bought a potion of mutation for 112 gold pieces
 28075 | Spider:1 | Entered Level 1 of the Spider Nest
 29258 | Spider:2 | Reached skill level 15 in Fighting
 29963 | Spider:2 | Acquired a +2 hat of magic resistance
 32056 | Spider:3 | Noticed Arachne
 32078 | Spider:3 | Killed Arachne
 32872 | Spider:3 | Noticed Mara
 32877 | Spider:3 | Noticed robertstho's illusion
 32925 | Spider:3 | Noticed robertstho's illusion
 32932 | Spider:3 | Corrupted Spider:3
 32932 | Spider:3 | Noticed a bone dragon
 32935 | Spider:3 | Noticed a tentacled starspawn
 32936 | Spider:3 | Killed Mara
 33777 | Spider:4 | Entered Level 4 of the Spider Nest
 34113 | Spider:4 | HP: 5/130 [entropy weaver/cursed +0 long sword (10)]
 34113 | Spider:4 | Mangled by a redback

Illustrated notes

Levels and vault maps discovered:
D:1:      minmay_arrival_checkered_box, layout_rooms
D:2:      layout_loops_cross, nemelex_xobeh_ov_fountains_minmay, uniq_jessica
D:3:      layout_loops_ring
D:4:      layout_basic, makhleb_heckhound_becter, uniq_eustachio
D:5:      layout_basic, chequers_temple_overflow_statue_of_worship
D:6:      black_bear_nest_1, layout_gridville, elyvilon_altar_3,
          grunt_dithmenos_smoke_and_mirrors, minmay_temple_entry_gardened_gates,
          basic_altar, uniq_duvessa
D:7:      layout_cave_pods, lemuel_zombie_altar_yredelemnul, slow_altar_1,
          lemuel_round_altar, serial_gnoll_camp, gnoll_camp_mini_basic,
          gnoll_camp_mini_shop, gnoll_camp_mini_house, gnoll_camp_mini_doghouse,
          basic_altar, serial_shops, nicolae_shop_trees
D:8:      minmay_the_grid_plus [minmay_the_grid_square_x,
          minmay_the_grid_pillar_ring, minmay_the_grid_mess,
          minmay_the_grid_tri_star, minmay_the_grid_prize_four_corners],
          layout_basic, lemuel_crystal_altar, nicolae_ru_path_of_blood
D:9:      layout_rooms, lair_entry_dummy, orc_0_dummy, serial_shops,
          nicolae_shop_stone, nicolae_shop_overgrown_old_shop, special_room
          [special_room_orc], uniq_psyche, uniq_pikel, uniq_prince_ribbit1
D:10:     layout_irregular_city
D:11:     layout_basic, uniq_gastronok
Lair:1:   layout_regular_city, st_stairs_13
Lair:2:   layout_cave_pods, gauntlet_entry_generic, ebering_ghost_inner_flame
Lair:3:   layout_small_grid, elwin_shoals_entry_rooms, spider_nest_entry_a,
          chequers_serial_rivers_small_a
Lair:4:   layout_cave_pods, grunt_megastairs_3
Lair:5:   layout_cellular_growth, slime_altar_2
Lair:6:   guppyfry_lair_end_dragon, layout_regular_city,
          hangedman_lair_caniforms_friends
Spider:1: layout_spider_delve
Spider:2: layout_chambers, drop_trap
Spider:3: layout_chambers, nicolae_spider_webbed_stairs, uniq_mara, uniq_arachne
Spider:4: spider_rune_water
Orc:1:    layout_caves, basic_altar
Orc:2:    pf_orc_diabolical, layout_caves, serial_shops, shop_statue, shop,
          nicolae_shop_trees, shop_fountains, uniq_erolcha

Skill      XL: |  1  2  3  4  5  6  7  8  9 10 11 12 13 14 15 |
---------------+----------------------------------------------+-----
Invocations    | 3 4 5 6 7 9 10 11 12 13 14 | 14.2
Slings         | 1 2 3 4 5 6 9 10 12 13 14 | 14.8
Dodging        | 1 2 3 |  3.7
Fighting       | 4 5 6 7 9 10 11 13 14 15 | 15.8
Armour         | 2 3 4 6 7 8 9 |  9.3
Long Blades    | 2 4 5 6 7 |  7.9
Stealth        | 1 2 |  2.5
Evocations     | |  0.7

Action                   |  1- 3 |  4- 6 |  7- 9 | 10-12 | 13-15 || total
-------------------------+-------+-------+-------+-------+-------++-------
Melee: Falchion          |    25 |       |    24 |    18 |       ||    67
       Great sword       |       |       |       |    70 |    96 ||   166
 Fire: Fustibalus        |   137 |   189 |   369 |   899 |   776 ||  2370
       Hunting sling     |       |       |       |       |  1278 ||  1278
Invok: Depart the Abyss  |     1 |       |       |       |       ||     1
       Bend Space        |       |       |     1 |       |       ||     1
       Corrupt           |       |       |       |       |     1 ||     1
Evoke: Box of beasts     |       |       |       |     4 |     5 ||     9
       Wand              |       |       |       |     2 |     1 ||     3
       Condenser vane    |       |       |       |       |     2 ||     2
  Use: Scroll            |       |       |    10 |    17 |     9 ||    36
       Potion            |       |       |     6 |     8 |    10 ||    24
 Stab: Sleeping          |       |       |     1 |       |       ||     1
       Distracted        |       |       |       |     1 |       ||     1
Armor: Leather armour    |    40 |       |       |       |       ||    40
       Scale mail        |    15 |    36 |    72 |       |       ||   123
       Plate armour      |       |       |     7 |   455 |   316 ||   778
       Acid dragon scale |       |       |       |       |   346 ||   346
Dodge: Dodged            |    90 |    73 |    95 |   153 |   633 ||  1044
       Rpst.: Falchion   |     4 |       |     2 |       |       ||     6
       Great sword       |       |       |       |     9 |    17 ||    26

Table legend: (Time is in decaauts)
 A = Elapsed time spent in this place.
 B = Non-inter-level travel time spent in this place.
 C = Inter-level travel time spent in this place.
 D = Time resting spent in this place.
 E = Time spent auto-exploring this place.
 F = Levels seen in this place.
 G = Mean time per level.
                   A        B        C        D        E       F      G
               +--------+--------+--------+--------+--------+-----+--------+
         Total |  33509 |  31410 |   2099 |   5287 |  20040 |  24 | 1396.2 |
       Dungeon |  15651 |  14872 |    779 |   2754 |   9369 |  11 | 1422.8 |
          Lair |   8906 |   8169 |    737 |    508 |   5966 |   6 | 1484.3 |
   Spider Nest |   5812 |   5534 |    278 |   1095 |   3704 |   4 | 1453.0 |
  Orcish Mines |   3134 |   2829 |    305 |    929 |   1000 |   2 | 1567.0 |
         Abyss |      5 |      5 |      0 |      0 |      0 |   1 |    5.0 |
               +--------+--------+--------+--------+--------+-----+--------+

Top non-repeatable levels by time:
Spider:3: 2620 daAuts
     D:8: 2394 daAuts
   Orc:2: 2291 daAuts
     D:7: 2273 daAuts
  Lair:6: 2000 daAuts
     D:9: 1940 daAuts
     D:1: 1797 daAuts
Spider:2: 1787 daAuts
  Lair:1: 1756 daAuts
  Lair:4: 1549 daAuts
  Lair:3: 1357 daAuts
Spider:1: 1345 daAuts
  Lair:2: 1328 daAuts
     D:6: 1273 daAuts
     D:2: 1176 daAuts
